 Dungeon Crawl Stone Soup version 0.28.0-45-g0d030f2227 (webtiles) character file.

Game seed: 11694411425888378443

121 Kangaroobicon the Chopper (level 4, -3/42 HPs)
             Began as a Deep Dwarf Fighter on Apr 14, 2022.
             Was an Initiate of Gozag.
             Slain by Grinder (5 damage)
             ... on level 3 of the Dungeon.
             The game lasted 00:17:58 (2160 turns).

Kangaroobicon the Chopper (Deep Dwarf Fighter)      Turns: 2160, Time: 00:17:59

Health: -3/42      AC:  7    Str: 21    XL:     4   Next: 76%
Magic:  4/4        EV:  9    Int:  9    God:    Gozag
Gold:   156        SH:  4    Dex: 12    Spells: 3/3 levels left

rFire   . . .      SeeInvis .   a - +0 war axe
rCold   . . .      Faith    .   c - +0 buckler
rNeg    + . .      Spirit   .   b - +0 scale mail
rPois   .          Reflect  .   (no helmet)
rElec   .          Harm     .   (no cloak)
rCorr   .          Rampage  .   (no gloves)
Will    .....                   (no boots)
Stlth   ..........              (no amulet)
HPRegen 0.00/turn               p - ring of positive energy
MPRegen 0.09/turn               (no ring)

@: no status effects
A: damage resistance, heal wounds, sense surroundings 1, no regeneration
a: Heal Wounds, Renounce Religion, Potion Petition, Call Merchant, Bribe Branch


You were on level 3 of the Dungeon.
You worshipped Gozag.
Gozag was aware of your devotion.
You visited 1 branch of the dungeon, and saw 3 of its levels.

You collected 156 gold pieces.

Inventory:

Hand Weapons
 a - a +0 war axe (weapon)
Missiles
 m - 50 stones
Armour
 b - a +0 scale mail (worn)
 c - a +0 buckler (worn)
Jewellery
 p - a ring of positive energy (left hand)
Scrolls
 e - 2 scrolls of teleportation {unknown}
 g - 4 scrolls of identify {unknown}
 i - 2 scrolls of fog {unknown}
 k - a scroll of fear {unknown}
 l - a scroll of noise {unknown}
Potions
 d - 3 potions of might
 h - a potion of berserk rage {unknown}
 j - a potion of mutation {unknown}
 n - a potion of curing
 o - a potion of degeneration {unknown}


   Skills:
 + Level 3.1 Fighting
 + Level 4.1 Axes
 + Level 4.0 Armour
 + Level 1.2 Dodging
 + Level 3.6 Shields


You had 3 spell levels left.
You didn't know any spells.
Your spell library was empty.

Dungeon Overview and Level Annotations

Branches:
Dungeon (3/15)

Altars:
Ashenzari
Gozag

Shops:
D:2 (

Annotations:
D:3 Grinder


Innate Abilities, Weirdness & Mutations

You are resistant to damage.
You can heal yourself by infusing magical energy.
You passively map a small area around you.
You do not regenerate.


Message History

Grinder is heavily wounded.
Grinder gestures at you. Pain shoots through your body!
You hit Grinder but do no damage.
Grinder is heavily wounded.
Grinder hits you.
Grinder blinks!
You hit Grinder but do no damage.
Grinder is heavily wounded.
Grinder gestures at you.
You suddenly lose the ability to move!
Grinder gestures at you. You resist with some effort.
Grinder hits you but does no damage. Grinder hits you.
* * * LOW HITPOINT WARNING * * *
You writhe in agony.
* * * LOW HITPOINT WARNING * * *
Grinder hits you but does no damage.
You can move again.
You slash Grinder!
Grinder is severely wounded.
Grinder drinks a potion.
Grinder is healed!
You hit Grinder.
Grinder is heavily wounded.
Grinder gestures at you. You resist with some effort.
Grinder blinks!
Grinder gestures at you.
You suddenly lose the ability to move!
Grinder blinks! x3
You can move again.
You hit Grinder.
Grinder is severely wounded.
Grinder grins, showing sharp teeth.
Grinder hits you!
* * * LOW HITPOINT WARNING * * *
You hit Grinder.
Grinder is severely wounded.
Grinder hits you!
You die...
Your body crumbles into a pile of gold.

######.# ,, * * * *
* .......# * ** * ,
#####..# * * #..#
##.# *
#################
##.###
#.>#.#..........#
#....#
#........######.####
#..#.##.#.##..ยง###
#.......#
#....##.<....@.#
#.##.##.#
##.###.##.###5##*
##.##.##.#
##...##### ...
#........#
##......#.....
#..#.....#
#..###.#.....#
#........# #..#
.#.....#
#........###
##>###.#.....#
#...........
#.....#######
#.##...(#.## ###.###
#.......#..#


You could see Grinder.

Vanquished Creatures
  An orc wizard (D:3)
  3 gnolls (D:2)
  An adder skeleton (D:3)
  6 orcs (D:3)
  3 ball pythons
  3 bats
  10 endoplasms
  A giant cockroach (D:2)
  7 hobgoblins
  3 kobolds (D:1)
  3 quokkas (D:1)
  3 frilled lizards
  3 goblins
  13 rats (D:2)
60 creatures vanquished.

Notes
Turn   | Place    | Note
-------+----------+-------------------------------------------
     0 | D:1      | Kangaroobicon the Deep Dwarf Fighter began the quest for
                  | the Orb.
     0 | D:1      | Reached XP level 1. HP: 20/20 MP: 1/1
   442 | D:1      | Reached XP level 2. HP: 27/27 MP: 2/2
  1299 | D:2      | Reached XP level 3. HP: 24/33 MP: 3/3
  1308 | D:2      | Found Dusihucw's Weapon Emporium.
  1333 | D:2      | Found a broken altar of Ashenzari.
  1484 | D:2      | Reached skill level 1 in Dodging
  1581 | D:2      | Reached XP level 4. HP: 42/42 MP: 4/4
  1826 | D:2      | Found a faded altar of an unknown god.
  1833 | D:2      | Prayed at the altar of an unknown god.
  1833 | D:2      | Became a worshipper of Gozag Ym Sagoz the Greedy
  2132 | D:3      | Noticed Grinder
  2148 | D:3      | Paralysed by Grinder for 5 turns
  2155 | D:3      | Paralysed by Grinder for 4 turns
  2159 | D:3      | HP: 2/42 [Grinder (6)]
  2160 | D:3      | Slain by Grinder

Illustrated notes

Levels and vault maps discovered:
D:1:      dpeg_arrival_oval, layout_basic, glass_columns_b
D:2:      wander_river, layout_basic, serial_glass, glass_columns_a,
          glass_columns_a, serial_shops, nicolae_shop_bloodbath_and_beyond,
          basic_altar, dilly_ecumenical_altar_fadedgnrine,
          minmay_rat_gold_closets
D:3:      layout_loops_cross, minmay_misc_feat_pillars, uniq_crazy_yiuf_cottage,
          uniq_grinder

Skill      XL: |  1  2  3  4 |
---------------+-------------+-----
Fighting       | 3 |  3.1
Axes           | 3 4 |  4.1
Dodging        | 1 |  1.2
Armour         | 4 |  4.0
Shields        | |  3.6

Action                   |  1- 3 |  4- 6 || total
-------------------------+-------+-------++-------
Melee: War axe           |    92 |    50 ||   142
  Use: Potion            |     1 |       ||     1
 Stab: Distracted        |       |     1 ||     1
Armor: Scale mail        |    31 |    17 ||    48
Dodge: Dodged            |    62 |    12 ||    74
Block: Buckler           |    19 |     6 ||    25
